[Event "Titled Tuesday Blitz May 4 2021"]
[White "Necula, Iulian"]
[Black "Luberanski, Jakub"]
[WhiteFideId "1232380"]
[BlackFideId "21830509"]
[WhiteElo "1776"]
[BlackElo "2078"]
[Result "0-1"]
[Round "07"]
[TimeControl "180+1"]
[Date "2021.05.04"]
[WhiteClock "0:00:02"]
[BlackClock "0:00:21"]

1. f4 d5 2. Nf3 Nf6 3. g3 g6 4. Bg2 Bg7 5. O-O O-O 6. d3 Nc6 7. c3 Qd6 8. Na3 a6 9. Qc2 e5 10. fxe5 Nxe5 11. Nxe5 Qxe5 12. Bf4 Qe7 13. Rae1 Bf5 14. e4 dxe4 15. dxe4 Be6 16. Be5 Ng4 17. Bxg7 Kxg7 18. c4 Qc5+ 19. Kh1 Ne5 20. Qc3 f6 21. b4 Qe7 22. Rf2 a5 23. bxa5 Rad8 24. Ref1 Rd3 25. Qb2 Qxa3 26. Qxb7 Qd6 27. a6 Qb6 28. Rb2 Qxb7 29. Rxb7 Ra3 30. a7 Bxc4 31. Rxc7+ Kh6 32. Rc1 Ra8 33. h3 R8xa7 34. R7xc4 Nxc4 35. Rxc4 Rxa2 36. Rc1 Rb2 37. Kg1 Raa2 38. Bf3 Rc2 39. Rf1 Rc3 40. h4 Raa3 41. Kg2 Kg7 42. g4 h6 43. Kg3 Kf7 44. Kf4 g5+ 45. hxg5 hxg5+ 46. Kg3 Ke6 47. Kg2 Ke5 48. Kg3 Rcb3 49. Kg2 Rb2+ 50. Kg3 Rc3 51. Rd1 Rbb3 52. Rd5+ Ke6 53. Rf5 Rb4 54. Kg2 Rb2+ 55. Kg3 Rcb3 56. Rd5 Rb5 57. Rd3 R2b3 58. Rxb3 Rxb3 59. Kf2 Ke5 60. Ke2 Kf4 61. Bg2 Kxg4 62. Bf1 Kf4 63. Bg2 Rb2+ 64. Kf1 Ra2 0-1


[Site "https://www.chess.com"]

[Event "Titled Tuesday Blitz May 4 2021"]
[White "Nesterov, Arseniy"]
[Black "Martinez Alcantara, Jose Eduardo"]
[WhiteFideId "24198455"]
[BlackFideId "3805662"]
[WhiteElo "2441"]
[BlackElo "2690"]
[Result "0-1"]
[Round "07"]
[TimeControl "180+1"]
[Date "2021.05.04"]
[WhiteClock "0:00:03"]
[BlackClock "0:00:03"]

1. d4 Nf6 2. c4 e6 3. Nf3 Bb4+ 4. Bd2 c5 5. Bxb4 cxb4 6. g3 b6 7. Bg2 Bb7 8. O-O a5 9. a3 Na6 10. axb4 Nxb4 11. Nc3 O-O 12. b3 Rc8 13. Rc1 d5 14. Ne5 Ba8 15. Na4 Rb8 16. c5 bxc5 17. Nxc5 Qd6 18. Ra1 Rb5 19. Ned3 Nc6 20. e3 h5 21. h4 Bb7 22. Qe2 Rb8 23. Nf4 Bc8 24. Nxh5 Nxh5 25. Qxh5 e5 26. Rfd1 exd4 27. exd4 Be6 28. Bf1 Nxd4 29. Nxe6 Nxe6 30. Bxb5 Rxb5 31. Qe2 Qb6 32. Rac1 Rxb3 33. Rc8+ Nf8 34. Kg2 Rb2 35. Rd2 Rxd2 36. Qxd2 d4 37. Kg1 a4 38. Rc4 a3 39. Qxd4 Qb1+ 40. Kg2 Ne6 41. Rc8+ Kh7 42. Qd5 g6 43. Qe5 Ng7 44. Ra8 Qb7+ 45. Kh2 Qxa8 46. Qe4 Qxe4 0-1


[Site "https://www.chess.com"]

[Event "Titled Tuesday Blitz May 4 2021"]
[White "Nitin, S."]
[Black "Acor, Corey"]
[WhiteFideId "5018277"]
[BlackFideId "2024861"]
[WhiteElo "2431"]
[BlackElo "2753"]
[Result "0-1"]
[Round "07"]
[TimeControl "180+1"]
[Date "2021.05.04"]
[WhiteClock "0:00:19"]
[BlackClock "0:00:14"]

1. e4 e5 2. Nf3 Nc6 3. Nc3 g6 4. d4 exd4 5. Nxd4 Bg7 6. Be3 d6 7. Qd2 Be6 8. O-O-O Nge7 9. h4 h6 10. f3 a6 11. g4 Qd7 12. h5 g5 13. Nf5 Be5 14. Nd5 Nxf5 15. gxf5 Bxd5 16. exd5 Ne7 17. f6 Nf5 18. Bh3 Qb5 19. c3 Nxe3 20. Qxe3 O-O 21. Kb1 Bxf6 22. Bf1 Qa4 23. Bd3 Rfe8 24. Be4 b5 25. Qd3 b4 26. c4 Rab8 27. f4 b3 28. a3 gxf4 29. Rhg1+ Bg5 30. Rdf1 Kf8 31. Qd4 Re5 32. Bh7 Rbe8 33. Bd3 a5 34. Qc3 c5 35. dxc6 Qxc6 36. Qxb3 Re3 37. Qc2 Rb8 38. Rxg5 hxg5 39. h6 Qb6 40. h7 Kg7 41. Qg2 f6 42. Bf5 Kh8 43. Rc1 Rg3 44. Qd2 Rg1 45. Rxg1 Qxg1+ 46. Ka2 Qb6 47. Qc3 Kg7 48. Bb1 f3 49. Qc2 Qxb2+ 50. Qxb2 Rxb2+ 51. Kxb2 g4 52. Bd3 g3 0-1


[Site "https://www.chess.com"]

[Event "Titled Tuesday Blitz May 4 2021"]
[White "Niyazgulova, Marina"]
[Black "Plotnikov, Pavel"]
[WhiteFideId "24142573"]
[BlackFideId "4170342"]
[WhiteElo "2087"]
[BlackElo "2298"]
[Result "1-0"]
[Round "07"]
[TimeControl "180+1"]
[Date "2021.05.04"]
[WhiteClock "0:00:14"]
[BlackClock "0:00:06"]

1. d4 Nf6 2. c4 g6 3. Nc3 Bg7 4. e4 O-O 5. Be2 d6 6. Nf3 e5 7. Be3 Na6 8. O-O Qe7 9. dxe5 dxe5 10. Nd5 Nxd5 11. cxd5 Rd8 12. Bxa6 bxa6 13. Qc2 Bg4 14. Nd2 Rac8 15. Rac1 Qe8 16. Qc6 Qe7 17. Qxa6 Qb4 18. b3 Rd6 19. Qxa7 Bf8 20. f3 Bd7 21. Nc4 Rf6 22. Nxe5 Bb5 23. Rfe1 Ra6 24. Qb7 Re8 25. Nc6 Bxc6 26. Qxa6 Bb5 27. Qb7 Qa5 28. a4 Qb4 29. Qxb5 Qa3 30. Bd4 Rc8 31. Ra1 Rd8 32. Rxa3 Bxa3 33. Qc6 Bd6 34. e5 Bf8 35. Qxc7 Rxd5 36. Bc3 Rc5 37. Qd7 Rxc3 38. e6 Bc5+ 39. Kh1 fxe6 40. Qxe6+ Kf8 41. Qf6+ Kg8 42. Qxc3 Bf8 43. Re8 Kf7 44. Qe5 Bg7 45. Qe7# 1-0


[Site "https://www.chess.com"]

[Event "Titled Tuesday Blitz May 4 2021"]
[White "Noboa Silva, Kevin"]
[Black "Ashiev, Eduard"]
[WhiteFideId "3618471"]
[BlackFideId "4130090"]
[WhiteElo "2161"]
[BlackElo "2106"]
[Result "1-0"]
[Round "07"]
[TimeControl "180+1"]
[Date "2021.05.04"]
[WhiteClock "0:00:04"]
[BlackClock "0:00:01"]

1. d4 d6 2. c4 e5 3. Nf3 e4 4. Nfd2 f5 5. Nc3 Nf6 6. e3 g6 7. b3 Bg7 8. Bb2 O-O 9. Qc2 c5 10. d5 Na6 11. a3 Nc7 12. Be2 Bd7 13. g4 fxg4 14. O-O-O a6 15. Ndxe4 Nxe4 16. Nxe4 Qe7 17. Bxg7 Qxg7 18. Qb2 b5 19. Rhf1 Qe7 20. Nc3 Rab8 21. Bd3 bxc4 22. Bxc4 Bb5 23. Bxb5 Nxb5 24. Ne2 c4 25. bxc4 Rfc8 26. Rd2 Rxc4+ 27. Rc2 Rxc2+ 28. Kxc2 Qe4+ 29. Kd2 Rc8 30. Rc1 Qxd5+ 31. Nd4 Rxc1 32. Kxc1 Qc4+ 33. Kd2 d5 34. Ke1 Qd3 35. Qb4 Kf7 36. Nxb5 axb5 37. Qxg4 Qb1+ 38. Ke2 Qb2+ 39. Kf1 Qxa3 40. Qd7+ Kf6 41. Qxd5 Qc1+ 42. Kg2 Qb2 43. Qd8+ Kf7 44. Qd7+ 1-0


[Site "https://www.chess.com"]

[Event "Titled Tuesday Blitz May 4 2021"]
[White "Nosacheva, Mariya"]
[Black "Erden, Kadir"]
[WhiteFideId "34111422"]
[BlackFideId "6305776"]
[WhiteElo "2035"]
[BlackElo "2218"]
[Result "0-1"]
[Round "07"]
[TimeControl "180+1"]
[Date "2021.05.04"]
[WhiteClock "0:00:28"]
[BlackClock "0:00:16"]

1. e4 c6 2. d4 d5 3. Nc3 dxe4 4. Nxe4 Bf5 5. Ng3 Bg6 6. h4 h6 7. Nf3 Nd7 8. h5 Bh7 9. Bd3 Bxd3 10. Qxd3 e6 11. Bd2 Ngf6 12. O-O-O Be7 13. Qe2 O-O 14. Nf1 c5 15. g4 cxd4 16. g5 hxg5 17. Rg1 g4 18. Ng5 Rc8 19. Kb1 Qc7 20. Bc1 Qc4 21. Qd2 Bb4 22. Qd3 Qxd3 23. cxd3 e5 24. Ng3 Rfe8 25. Nf5 Bf8 26. Rh1 b5 27. Rdg1 g6 28. hxg6 fxg6 29. Ng3 Bg7 30. N3e4 a5 31. Nd6 b4 32. Nxe8 Rxe8 33. f3 Nc5 34. Ne4 Nfxe4 35. dxe4 gxf3 36. Rxg6 Kf7 37. Rg3 Nxe4 38. Rxf3+ Ke6 39. Rh7 Bf6 40. Rh6 a4 41. Kc2 Rf8 42. Kd3 Kd5 43. Rh7 Nc5+ 44. Ke2 Ke6 45. Rh6 Nd7 46. Bg5 e4 47. Bxf6 exf3+ 48. Kxf3 Rxf6+ 49. Rxf6+ Nxf6 50. Kf4 Kd5 0-1


[Site "https://www.chess.com"]

[Event "Titled Tuesday Blitz May 4 2021"]
[White "Novikov, Evgenij"]
[Black "Lizlov, Alexey"]
[WhiteFideId "4125380"]
[BlackFideId "4179803"]
[WhiteElo "2242"]
[BlackElo "2272"]
[Result "1-0"]
[Round "07"]
[TimeControl "180+1"]
[Date "2021.05.04"]
[WhiteClock "0:00:48"]
[BlackClock "0:00:04"]

1. e4 c5 2. Nc3 Nc6 3. Nf3 g6 4. Bb5 Bg7 5. Bxc6 bxc6 6. d3 d6 7. h3 e5 8. O-O Ne7 9. Nh2 O-O 10. f4 Rb8 11. Rb1 Qb6 12. Kh1 d5 13. Nf3 exf4 14. Bxf4 Rb7 15. Be5 c4 16. Bxg7 Kxg7 17. dxc4 dxc4 18. Qe2 Be6 19. Ng5 c5 20. Qf2 Qd6 21. Qf6+ Kg8 22. e5 Qc6 23. Rbd1 Nd5 24. Qf3 Rd7 25. Nxe6 Qxe6 26. Nxd5 1-0


[Site "https://www.chess.com"]

[Event "Titled Tuesday Blitz May 4 2021"]
[White "Novikova, Galina"]
[Black "WelshTiger"]
[WhiteFideId "4157095"]
[WhiteElo "1966"]
[BlackElo "2467"]
[Result "0-1"]
[Round "07"]
[TimeControl "180+1"]
[Date "2021.05.04"]
[WhiteClock "0:00:12"]
[BlackClock "0:00:23"]

1. e4 e5 2. Nf3 Nc6 3. d4 exd4 4. Nxd4 Bc5 5. Nb3 Bb6 6. Nc3 Nge7 7. Qe2 O-O 8. Be3 Bxe3 9. Qxe3 d6 10. O-O-O Re8 11. f3 Be6 12. h4 a5 13. Nc5 Qc8 14. Nxe6 Qxe6 15. g4 d5 16. Qc5 dxe4 17. Bc4 Qe5 18. Qe3 Ng6 19. Kb1 exf3 20. Qxf3 Qf4 21. Qd5 Re5 22. Qd3 Nb4 23. Qf1 Re7 24. h5 Qxf1 25. Rhxf1 Ne5 26. Be2 c6 27. a3 Na6 28. g5 Nc5 29. Rde1 Ne6 30. Rg1 Nd4 31. Rgf1 Rae8 32. Bd1 Nc4 33. Rxe7 Rxe7 34. Bg4 Nd2+ 0-1


[Site "https://www.chess.com"]

[Event "Titled Tuesday Blitz May 4 2021"]
[White "Nozdrachev, Leonid"]
[Black "Daulyte-Cornette, Deimante"]
[WhiteFideId "24113433"]
[BlackFideId "12802859"]
[WhiteElo "2246"]
[BlackElo "2285"]
[Result "1-0"]
[Round "07"]
[TimeControl "180+1"]
[Date "2021.05.04"]
[WhiteClock "0:00:02"]
[BlackClock "0:00:01"]

1. e4 Nf6 2. e5 Nd5 3. d4 d6 4. Nf3 dxe5 5. Nxe5 c6 6. h3 Nd7 7. Nf3 N7f6 8. g4 g6 9. Ne5 Bg7 10. Bg2 O-O 11. Bg5 Qc7 12. O-O c5 13. c4 cxd4 14. Nxg6 fxg6 15. cxd5 Qe5 16. f4 Qe3+ 17. Kh2 d3 18. Rf3 Qb6 19. Rxd3 Qxb2 20. Nc3 Bxg4 21. hxg4 Nxg4+ 22. Qxg4 Qxa1 23. Ne4 Qxa2 24. Bxe7 Rf7 25. d6 Qc4 26. Rh3 a5 27. Ng5 Rxf4 28. Qe6+ Qxe6 29. Nxe6 Rf2 30. Kg1 Rd2 31. Bxb7 Rb8 32. Nd8 a4 33. Ra3 Bd4+ 34. Kf1 Bb6 35. Bg5 Rf2+ 36. Ke1 Rf5 37. Nc6 Rxb7 38. Ne7+ Kf7 39. Nxf5 gxf5 40. Rxa4 Rd7 41. Bf4 Bc5 42. Ra6 Ke6 43. Kf1 Bxd6 44. Kg2 Ke7 45. Bg5+ Kf7 46. Rc6 Be5 47. Kf3 Rd3+ 48. Ke2 Rg3 49. Be3 h5 50. Bf2 Rg2 51. Kf3 Rg4 52. Rc5 Kf6 53. Rc6+ Kg5 54. Rc8 1-0


[Site "https://www.chess.com"]

[Event "Titled Tuesday Blitz May 4 2021"]
[White "Omariev, Maksim"]
[Black "Harshavardhan G B"]
[WhiteFideId "4193423"]
[BlackFideId "25059009"]
[WhiteElo "2415"]
[BlackElo "1825"]
[Result "1-0"]
[Round "07"]
[TimeControl "180+1"]
[Date "2021.05.04"]
[WhiteClock "0:00:06"]
[BlackClock "0:00:13"]

1. g4 e5 2. Bg2 d5 3. h3 h5 4. gxh5 Nf6 5. d4 e4 6. c4 c6 7. Nc3 Rxh5 8. Qb3 Na6 9. Bf4 Bd6 10. Bxd6 Qxd6 11. e3 g5 12. Nge2 Rh4 13. O-O-O Nc7 14. cxd5 cxd5 15. Kb1 b6 16. Rc1 Ba6 17. Ng3 Qd7 18. Ka1 O-O-O 19. Nb1 Kb8 20. Rc3 Nh5 21. Rhc1 Rc8 22. Na3 Nxg3 23. fxg3 Rh6 24. Nc2 Bb7 25. Nb4 f5 26. Bf1 a5 27. Nc2 Rf6 28. Na3 Ka7 29. Rxc7 Rxc7 30. Rxc7 Qd8 31. Nb5+ Kb8 32. Qc3 f4 33. gxf4 gxf4 34. exf4 Rxf4 35. Be2 Rf2 36. Qg3 Rxe2 37. Rc2+ Ka8 38. Rxe2 Qd7 39. Nc7+ Ka7 40. Rc2 Bc6 41. a3 Kb7 42. Qg6 Qxc7 43. h4 Qd7 44. h5 Ba4 45. Rc1 e3 46. h6 e2 47. Qg7 Qxg7 48. hxg7 Bd1 49. g8=Q e1=Q 50. Qc8+ Ka7 51. Rc7# 1-0


[Site "https://www.chess.com"]

[Event "Titled Tuesday Blitz May 4 2021"]
[White "Onyshchuk, Volodymyr"]
[Black "Alavkin, Arseny"]
[WhiteFideId "14114038"]
[BlackFideId "4120612"]
[WhiteElo "2605"]
[BlackElo "2416"]
[Result "1-0"]
[Round "07"]
[TimeControl "180+1"]
[Date "2021.05.04"]
[WhiteClock "0:01:54"]
[BlackClock "0:02:06"]

1. Nf3 Nf6 2. g3 g6 3. Bg2 Bg7 4. O-O O-O 5. d3 d5 6. Nbd2 c5 7. e4 Nc6 8. Re1 e5 9. exd5 Nxd5 10. Nc4 Re8 11. Ng5 Nf6 12. Bxc6 bxc6 13. Nxe5 Qc7 14. Bf4 Nd5 15. Nxg6 Rxe1+ 16. Qxe1 Qd8 17. Ne5 Nxf4 18. gxf4 Qf6 19. Qe3 Rb8 20. Re1 Bf5 21. b3 h6 22. Ne4 Qh4 23. Qg3 Qxg3+ 24. hxg3 Bf8 25. Nf6+ Kg7 26. Nfd7 Rb6 27. Nxb6 1-0


[Site "https://www.chess.com"]

[Event "Titled Tuesday Blitz May 4 2021"]
[White "Ozkan, Ervin"]
[Black "Srihari L R"]
[WhiteFideId "6306004"]
[BlackFideId "46617116"]
[WhiteElo "2226"]
[BlackElo "2121"]
[Result "0-1"]
[Round "07"]
[TimeControl "180+1"]
[Date "2021.05.04"]
[WhiteClock "0:00:16"]
[BlackClock "0:00:42"]

1. d4 d6 2. Nf3 g6 3. Bf4 Bg7 4. e3 Nd7 5. h3 Ngf6 6. Bh2 O-O 7. Be2 c6 8. O-O Qc7 9. c4 e5 10. Nc3 Re8 11. Rc1 Qb6 12. Qc2 a6 13. Rfd1 e4 14. Nd2 d5 15. cxd5 cxd5 16. Na4 Qe6 17. Nb3 Qf5 18. Qc7 Qg5 19. Qf4 Qxf4 20. Bxf4 b5 21. Nac5 Nb6 22. Na5 Nc4 23. Nxc4 dxc4 24. b3 cxb3 25. axb3 Nd5 26. Bg3 Bf5 27. Ra1 Nc3 28. Rd2 a5 29. Rc2 b4 30. Bc4 Rec8 31. Nb7 a4 32. bxa4 Rxc4 33. Nd6 Rc6 34. Rb2 Bf8 0-1


[Site "https://www.chess.com"]

[Event "Titled Tuesday Blitz May 4 2021"]
[White "Pajeken, Jakob Leon"]
[Black "Schmidt, Harald"]
[WhiteFideId "12942839"]
[BlackFideId "4648358"]
[WhiteElo "2024"]
[BlackElo "2291"]
[Result "0-1"]
[Round "07"]
[TimeControl "180+1"]
[Date "2021.05.04"]
[WhiteClock "0:00:39"]
[BlackClock "0:01:30"]

1. d4 a6 2. e4 b5 3. Bd3 Bb7 4. Nf3 g6 5. a4 b4 6. c3 bxc3 7. Nxc3 Bg7 8. O-O Nf6 9. e5 Nd5 10. Qb3 Nb6 11. a5 Bxf3 12. axb6 Bb7 13. Nd5 cxb6 14. Nxb6 Ra7 15. Be3 O-O 16. d5 Bxe5 17. Nc4 Bxd5 18. Bxa7 Qc7 19. Bb6 Bxh2+ 20. Kh1 Qf4 21. Be3 Qh4 22. Bg5 Qxg5 23. Be4 Bxe4 0-1


[Site "https://www.chess.com"]

[Event "Titled Tuesday Blitz May 4 2021"]
[White "Papasimakopoulos, Alexandros"]
[Black "Ognean, Mihnea-Ionut"]
[WhiteFideId "4244125"]
[BlackFideId "1232347"]
[WhiteElo "2352"]
[BlackElo "2012"]
[Result "1-0"]
[Round "07"]
[TimeControl "180+1"]
[Date "2021.05.04"]
[WhiteClock "0:00:36"]
[BlackClock "0:00:07"]

1. d4 Nf6 2. c4 e6 3. Nc3 Bb4 4. Qc2 d5 5. cxd5 exd5 6. Bg5 h6 7. Bh4 Nc6 8. e3 g5 9. Bg3 Ne4 10. Bb5 Bf5 11. Qb3 Bxc3+ 12. bxc3 h5 13. f3 Nxg3 14. hxg3 Qd6 15. Ne2 h4 16. c4 dxc4 17. Qxc4 Be6 18. Bxc6+ bxc6 19. Qc3 Ke7 20. g4 Rab8 21. Kf2 Rb6 22. d5 Bxd5 23. Qxh8 f6 24. Rhd1 Rb2 25. Qg7+ Kd8 26. Rab1 Rxe2+ 27. Kxe2 Kc8 28. Qh8+ Kd7 29. Rb8 Qg3 30. Kf1 1-0


[Site "https://www.chess.com"]

[Event "Titled Tuesday Blitz May 4 2021"]
[White "Pasti, Aron"]
[Black "Grigoryan, Meri"]
[WhiteFideId "785857"]
[BlackFideId "13300571"]
[WhiteElo "2082"]
[BlackElo "2007"]
[Result "0-1"]
[Round "07"]
[TimeControl "180+1"]
[Date "2021.05.04"]
[WhiteClock "0:00:19"]
[BlackClock "0:00:21"]

1. e4 c6 2. d4 d5 3. exd5 cxd5 4. c4 Nf6 5. Nc3 Nc6 6. Nf3 g6 7. Bg5 dxc4 8. Bxc4 Bg7 9. O-O O-O 10. Re1 Bg4 11. Be3 Bxf3 12. Qxf3 Nxd4 13. Bxd4 Qxd4 14. Bb3 e5 15. Qxb7 Rab8 16. Qf3 e4 17. Nxe4 Nxe4 18. Qxe4 Qxb2 19. Rab1 Qa3 20. Bxf7+ Kh8 21. Rxb8 Rxb8 22. Bb3 Qc5 23. Qe7 Qd4 24. Qf7 Rf8 25. Qe6 Qxf2+ 26. Kh1 Qf1+ 27. Rxf1 Rxf1# 0-1


[Site "https://www.chess.com"]

[Event "Titled Tuesday Blitz May 4 2021"]
[White "Pein, Jonathan"]
[Black "Shapiro, David"]
[WhiteFideId "417092"]
[BlackFideId "24133523"]
[WhiteElo "2167"]
[BlackElo "2261"]
[Result "0-1"]
[Round "07"]
[TimeControl "180+1"]
[Date "2021.05.04"]
[WhiteClock "0:00:58"]
[BlackClock "0:02:25"]

1. e4 c6 2. b3 d5 3. Bb2 dxe4 4. Nc3 Nf6 5. Nge2 Bf5 6. Ng3 Bg6 7. Qe2 e6 8. Ngxe4 Nbd7 9. g3 Be7 10. Bg2 O-O 11. O-O Nxe4 12. Nxe4 Nf6 13. d3 Nxe4 14. dxe4 Qa5 15. a3 Rfd8 16. b4 Qa4 17. Rad1 a5 18. h4 h5 19. Bf3 axb4 20. Bxh5 bxa3 21. Ba1 Qxe4 0-1


[Site "https://www.chess.com"]

[Event "Titled Tuesday Blitz May 4 2021"]
[White "Peralta, Eduardo"]
[Black "Chandratreya, Prachiti"]
[WhiteFideId "3700062"]
[BlackFideId "46611215"]
[WhiteElo "2205"]
[BlackElo "1737"]
[Result "1-0"]
[Round "07"]
[TimeControl "180+1"]
[Date "2021.05.04"]
[WhiteClock "0:00:14"]
[BlackClock "0:01:38"]

1. d4 Nf6 2. c4 g6 3. Nc3 Bg7 4. e4 d6 5. f3 O-O 6. Bg5 c5 7. d5 h6 8. Bf4 e6 9. Qd2 exd5 10. cxd5 Kh7 11. Nge2 a6 12. h4 b5 13. g4 b4 14. Nd1 Ne8 15. Ne3 Nd7 16. O-O-O Ne5 17. Bg2 a5 18. Bxe5 Bxe5 19. Nc4 Bg7 20. g5 h5 21. f4 a4 22. Ng3 a3 23. b3 f6 24. Bf3 fxg5 25. hxg5 Kg8 26. f5 gxf5 27. Nxh5 f4 28. Rdg1 Qe7 29. Qh2 Ba6 30. Nf6+ Nxf6 31. gxf6 Qxf6 32. Qh7+ Kf7 33. Bh5+ Ke7 34. Rxg7+ Kd8 35. Rd7+ Kc8 36. Nxd6+ Kb8 37. Rb7+ Bxb7 38. Qxb7# 1-0


[Site "https://www.chess.com"]

[Event "Titled Tuesday Blitz May 4 2021"]
[White "Petrova, Irina"]
[Black "San, Thit Lwin"]
[WhiteFideId "14124122"]
[BlackFideId "13001272"]
[WhiteElo "2022"]
[BlackElo "2232"]
[Result "0-1"]
[Round "07"]
[TimeControl "180+1"]
[Date "2021.05.04"]
[WhiteClock "0:00:01"]
[BlackClock "0:00:08"]

1. e4 Nf6 2. d3 d5 3. Nd2 c5 4. e5 Nfd7 5. Ngf3 e6 6. g3 Nc6 7. Qe2 Qc7 8. Bg2 Ndxe5 9. O-O Bd6 10. Nxe5 Bxe5 11. Nb3 b6 12. f4 Bd6 13. Bxd5 O-O 14. Be4 Bb7 15. Bd2 Ne7 16. Bc3 Rfd8 17. Nd2 Nd5 18. Rae1 Rac8 19. Qh5 g6 20. Qh6 Bf8 21. Qg5 Nxc3 22. bxc3 Bg7 23. Bxb7 Qxb7 24. Ne4 h6 25. Qh4 Qc7 26. a4 a6 27. g4 b5 28. axb5 axb5 29. f5 exf5 30. gxf5 Qb6 31. f6 Bf8 32. Qg4 c4+ 33. d4 b4 34. Rb1 Qa7 35. cxb4 Qxd4+ 36. Kh1 h5 37. Qf4 c3 38. b5 Bd6 39. Qh6 Bf8 40. Qf4 Bd6 41. Nxd6 Qxd6 42. Qxd6 Rxd6 43. Rf3 Rb6 44. Kg2 Rc5 45. Kg3 g5 46. Kf2 Kh7 47. Ke2 Kg6 48. Kd3 Rbxb5 49. Rxb5 Rxb5 50. Kxc3 Rf5 51. Rd3 Rxf6 52. Kd2 Rc6 53. c3 g4 54. Ke3 f5 55. Kf4 Rc4+ 56. Ke5 Kg5 57. Kd5 Rc8 58. c4 h4 59. c5 f4 60. c6 g3 61. hxg3 hxg3 62. Ke4 Re8+ 63. Kf3 Re1 64. Kg2 Rc1 65. Rd5+ Kg4 66. c7 Rc2+ 0-1


[Site "https://www.chess.com"]

[Event "Titled Tuesday Blitz May 4 2021"]
[White "Pichot, Alan"]
[Black "Samadov, Read"]
[WhiteFideId "110973"]
[BlackFideId "13417444"]
[WhiteElo "2622"]
[BlackElo "2084"]
[Result "0-1"]
[Round "07"]
[TimeControl "180+1"]
[Date "2021.05.04"]
[WhiteClock "0:00:02"]
[BlackClock "0:00:37"]

1. e4 c5 2. Nf3 d6 3. d4 cxd4 4. Nxd4 Nf6 5. Nc3 a6 6. Bd3 Nbd7 7. O-O g6 8. Kh1 Bg7 9. f4 O-O 10. Qe2 Qc7 11. a4 e5 12. Nb3 b6 13. fxe5 dxe5 14. Bg5 Bb7 15. Qe3 Rac8 16. Rf3 Nh5 17. Raf1 f6 18. Bh4 Nf4 19. Bg3 g5 20. Qe1 Rfd8 21. Nd1 Nc5 22. Nxc5 Qxc5 23. Bxf4 exf4 24. Rh3 h6 25. Nf2 Re8 26. Ng4 f5 27. Nxh6+ Bxh6 28. Rxh6 fxe4 29. Be2 f3 30. b4 Qe5 31. Bd1 fxg2+ 32. Kxg2 e3+ 33. Bf3 Rxc2+ 34. Kg1 e2 35. Rf2 Rc1 36. Qxc1 e1=Q+ 0-1


[Site "https://www.chess.com"]

[Event "Titled Tuesday Blitz May 4 2021"]
[White "Pile, Richard"]
[Black "Svane, Rasmus"]
[WhiteFideId "624110"]
[BlackFideId "4657101"]
[WhiteElo "2376"]
[BlackElo "2669"]
[Result "0-1"]
[Round "07"]
[TimeControl "180+1"]
[Date "2021.05.04"]
[WhiteClock "0:01:38"]
[BlackClock "0:02:08"]

1. e4 c6 2. Nc3 d5 3. Nf3 dxe4 4. Nxe4 Nf6 5. Nxf6+ exf6 6. Bc4 Bd6 7. Qe2+ Be7 8. O-O O-O 9. Re1 Bd6 10. h3 Na6 11. d4 Nc7 12. a4 Re8 13. Qd1 Bf5 14. Rxe8+ Qxe8 15. Bd3 Be6 16. Bd2 Qd7 17. Qf1 Rd8 18. Re1 Nd5 19. c3 h6 20. Bc1 Nb6 21. a5 Nd5 22. Bd2 a6 23. b4 Nf4 24. Bc4 Nxh3+ 25. Kh1 Nxf2+ 0-1


[Site "https://www.chess.com"]

[Event "Titled Tuesday Blitz May 4 2021"]
[White "Piorun, Kacper"]
[Black "serhanberat_ozdemir"]
[WhiteFideId "1130420"]
[WhiteElo "2535"]
[BlackElo "2633"]
[Result "1-0"]
[Round "07"]
[TimeControl "180+1"]
[Date "2021.05.04"]
[WhiteClock "0:00:04"]
[BlackClock "0:00:04"]

1. e4 c5 2. Nf3 e6 3. g3 d5 4. exd5 exd5 5. Bg2 Nf6 6. O-O Be7 7. d3 O-O 8. Bg5 Nc6 9. Nc3 h6 10. Bxf6 Bxf6 11. Re1 Be6 12. Ne2 Qc7 13. Nf4 Rae8 14. c3 Qd7 15. Nd2 b5 16. Nf1 b4 17. Rc1 bxc3 18. bxc3 Bg4 19. Rxe8 Bxd1 20. Rxf8+ Kxf8 21. Rxd1 Bxc3 22. Nxd5 Bd4 23. Rb1 g5 24. Nfe3 Nb4 25. Be4 Nxd5 26. Nxd5 Qa4 27. Rb8+ Kg7 28. Nc7 Qxa2 29. Ne8+ Kf8 30. Nd6+ Ke7 31. Nf5+ Kf6 32. Nxd4 cxd4 33. h4 gxh4 34. gxh4 a5 35. Rb6+ Kg7 36. Rd6 a4 37. Bd5 Qa1+ 38. Kg2 a3 39. Rd7 Qc3 40. Rxf7+ Kg6 41. h5+ Kxh5 42. Bc4 Kg5 43. Kg3 h5 44. f4+ Kh6 45. Re7 Qe1+ 46. Rxe1 h4+ 47. Kf3 a2 48. Ra1 h3 49. Rxa2 h2 50. Rxh2+ 1-0


[Site "https://www.chess.com"]

[Event "Titled Tuesday Blitz May 4 2021"]
[White "Prithu Gupta"]
[Black "Skoberne, Jure"]
[WhiteFideId "46618546"]
[BlackFideId "14604299"]
[WhiteElo "1775"]
[BlackElo "2559"]
[Result "1-0"]
[Round "07"]
[TimeControl "180+1"]
[Date "2021.05.04"]
[WhiteClock "0:00:28"]
[BlackClock "0:00:02"]

1. c4 Nf6 2. Nc3 g6 3. g3 Bg7 4. Bg2 O-O 5. e4 d6 6. Nge2 c5 7. O-O Nc6 8. d3 Ne8 9. Be3 Nc7 10. d4 cxd4 11. Nxd4 Ne6 12. Nde2 Nc5 13. Qd2 Bg4 14. f3 Be6 15. b3 a6 16. Nf4 Bd7 17. Rab1 b5 18. cxb5 axb5 19. Nxb5 Ne5 20. Nd4 Qb8 21. Nd5 e6 22. Nc3 Qb4 23. Rfc1 Ned3 24. Nde2 Nxc1 25. Rxc1 d5 26. exd5 Rfc8 27. Qd1 Ra6 28. dxe6 Bxe6 29. Nd5 Qb7 30. f4 Rd6 31. Nf6+ Bxf6 32. Qxd6 1-0


[Site "https://www.chess.com"]

[Event "Titled Tuesday Blitz May 4 2021"]
[White "Prydun, Andriy"]
[Black "Kett, Tim"]
[WhiteFideId "14145898"]
[BlackFideId "1801210"]
[WhiteElo "2033"]
[BlackElo "2098"]
[Result "1/2-1/2"]
[Round "07"]
[TimeControl "180+1"]
[Date "2021.05.04"]
[WhiteClock "0:00:06"]
[BlackClock "0:00:27"]

1. d4 f5 2. Nc3 d5 3. Bg5 Nf6 4. Bxf6 exf6 5. e3 c6 6. Bd3 Be6 7. Qf3 Qd7 8. h4 Na6 9. a3 Nc7 10. h5 O-O-O 11. Nge2 Bd6 12. O-O-O g5 13. hxg6 hxg6 14. g3 Kb8 15. Rxh8 Rxh8 16. Rh1 Qg7 17. Nf4 Bf7 18. Be2 a6 19. Qg2 Nb5 20. Nxb5 axb5 21. Rh2 g5 22. Nd3 Bg6 23. Qh1 Rxh2 24. Qxh2 f4 25. gxf4 Bxd3 26. Bxd3 gxf4 27. exf4 Ka7 28. Kb1 Qg4 29. Qg3 Qxf4 30. Qxf4 Bxf4 31. c3 Kb6 32. Bf5 Kc7 1/2-1/2


[Site "https://www.chess.com"]

[Event "Titled Tuesday Blitz May 4 2021"]
[White "Przybylski, Wojciech"]
[Black "Sokolov, Andrey M."]
[WhiteFideId "1117599"]
[BlackFideId "4171438"]
[WhiteElo "2317"]
[BlackElo "2349"]
[Result "1-0"]
[Round "07"]
[TimeControl "180+1"]
[Date "2021.05.04"]
[WhiteClock "0:00:47"]
[BlackClock "0:00:42"]

1. d4 Nf6 2. c4 g6 3. Nf3 Bg7 4. Nc3 O-O 5. e4 d6 6. Be2 e5 7. O-O Nbd7 8. h3 a5 9. Be3 exd4 10. Nxd4 Nc5 11. f3 Re8 12. Qd2 c6 13. Rad1 a4 14. Nxc6 bxc6 15. Bxc5 d5 16. cxd5 cxd5 17. Bb5 Bd7 18. exd5 Bxb5 19. Nxb5 Nd7 20. Bd4 Ne5 21. d6 Nc4 22. Qc3 Bxd4+ 23. Qxd4 Ne3 24. Nc7 Nxf1 25. Nxe8 Qxe8 26. d7 Qd8 27. Kxf1 h5 28. Re1 Qf8 29. Qe4 1-0


[Site "https://www.chess.com"]

[Event "Titled Tuesday Blitz May 4 2021"]
[White "Quesada Perez, Yuniesky"]
[Black "Moultino06"]
[WhiteFideId "3504409"]
[WhiteElo "2622"]
[BlackElo "2702"]
[Result "0-1"]
[Round "07"]
[TimeControl "180+1"]
[Date "2021.05.04"]
[WhiteClock "0:00:10"]
[BlackClock "0:00:30"]

1. e4 e6 2. d4 d5 3. Nc3 dxe4 4. Nxe4 Nd7 5. Nf3 Ngf6 6. Nxf6+ Nxf6 7. Bd3 c5 8. Be3 Qc7 9. Qe2 Be7 10. O-O-O O-O 11. Kb1 b6 12. g4 Bb7 13. Rhg1 c4 14. Bxh7+ Nxh7 15. Ne5 c3 16. g5 Be4 17. Bf4 Qb7 18. Rg3 cxb2 19. Rh3 Rac8 20. Rd2 Bxg5 21. Qe3 Bxf4 22. Qxf4 f6 23. Ng4 Rxc2 24. Rxc2 Rc8 25. Ne3 Ng5 26. Rg3 Qc6 27. Rxg5 Bxc2+ 28. Kxb2 Qc3+ 29. Kc1 Bd3+ 30. Kd1 Qc1# 0-1


[Site "https://www.chess.com"]